 Dungeon Crawl Stone Soup version 0.31-a0-83-gbff143cfd1 (webtiles) character file.

Game seed: 8153118266537995115

40 browni3141 the Trooper (level 3, -1/29 HPs)
             Began as a Mummy Fighter on May 24, 2023.
             Slain by Natasha (4 damage)
             ... on level 2 of the Dungeon.
             The game lasted 00:02:24 (891 turns).

browni3141 the Trooper (Mummy Fighter)               Turns: 891, Time: 00:02:25

Health: -1/29      AC:  6    Str: 19    XL:     3   Next: 30%
Magic:  3/3        EV:  9    Int:  9    God:
Gold:   59         SH:  4    Dex: 11    Spells: 2/2 levels left

rFire   x . .        d - +0 short sword
rCold   + . .        c - +0 buckler
rNeg    + + +        b - +0 scale mail
rPois   ∞            (no helmet)
rElec   .            (no cloak)
rCorr   .            (no gloves)
SInv    .            (no boots)
Will    .....        (no amulet) Stlth
                     (no ring)
HPRegen 0.24/turn    (no ring)
MPRegen 0.08/turn

%: faith
@: no status effects
A: cold resistance 1, negative energy resistance 3, torment resistance 2, heat
vulnerability 1, in touch with death 1, no potions, faith
a: no special abilities


You were on level 2 of the Dungeon.
You visited 1 branch of the dungeon, and saw 2 of its levels.

You collected 59 gold pieces.

Inventory:

Hand Weapons
 a - a +0 rapier
 d - a +0 short sword (weapon)
Armour
 b - a +0 scale mail (worn)
 c - a +0 buckler (worn)
Scrolls
 e - a scroll of amnesia {unknown}
 f - a scroll of vulnerability {unknown}
 g - a scroll of identify {unknown}


   Skills:
 - Level 3.0 Fighting
 * Level 2.6 Short Blades
 - Level 2.4 Armour
 + Level 1.2 Dodging
 - Level 2.4 Shields


You had 2 spell levels left.
You didn't know any spells.
Your spell library was empty.

Dungeon Overview and Level Annotations

Branches:
Dungeon (2/15)

Altars:

Annotations:
D:2 Natasha


Innate Abilities, Weirdness & Mutations

You are immune to poison.
Your flesh is cold resistant. (rC+)
You are immune to negative energy. (rN+++)
You are immune to unholy pain and torment.
You are vulnerable to heat. (rF-)
You are in touch with the powers of death.
You do not drink.
You have a special connection with the divine. (Faith)


Message History

Natasha mumbles some strange words.
You hit Natasha.
Natasha is lightly wounded.
You block Natasha's attack.
You closely miss Natasha.
Natasha is lightly wounded.
The cerulean imp hits you from afar with a +0 spear.
You block Natasha's attack.
You completely miss Natasha.
Natasha is lightly wounded.
The cerulean imp hits you but does no damage.
Natasha claws you.
You hit Natasha.
Natasha is moderately wounded.
The cerulean imp hits you but does no damage.
Natasha claws you.
You barely miss Natasha.
Natasha is moderately wounded.
The cerulean imp hits you from afar with a +0 spear.
Natasha claws you but does no damage.
You hit Natasha but do no damage.
Natasha is moderately wounded.
The cerulean imp hits you but does no damage.
You barely miss Natasha.
Natasha is moderately wounded.
Natasha claws you.
The cerulean imp hits you from afar with a +0 spear.
You are too injured to fight recklessly!
You completely miss Natasha.
Natasha is moderately wounded.
Natasha barely misses you. The cerulean imp closely misses you.
Natasha attacks as you move away! Natasha claws you.
* * * LOW HITPOINT WARNING * * *
Natasha claws you.
* * * LOW HITPOINT WARNING * * *
Unknown command.
You hit Natasha but do no damage.
Natasha is moderately wounded.
You block the cerulean imp's attack. Natasha claws you.
You die...

#..........#
#########..#
##.#####
#.#...
######.#.##
......>....#
#######....#
#.#..#
#.#@.#
#.#h.#
.....?5..#
.........#
..####...#
###.# .# .#
.#


You could see Natasha and a cerulean imp (summoned).

Vanquished Creatures
  2 dart slugs (D:1)
  An endoplasm (D:2)
  3 giant cockroaches (D:1)
  4 goblins (D:1)
  2 jackals (D:1)
  2 quokkas (D:1)
  2 ball pythons (D:1)
  4 bats (D:1)
  7 kobolds (D:1)
  5 rats
32 creatures vanquished.

Notes
Turn   | Place    | Note
-------+----------+-------------------------------------------
     0 | D:1      | browni3141 the Mummy Fighter began the quest for the Orb.
     0 | D:1      | Reached XP level 1. HP: 18/18 MP: 1/1
   267 | D:1      | Reached XP level 2. HP: 24/24 MP: 2/2
   435 | D:1      | Reached skill level 1 in Dodging
   469 | D:1      | Gained mutation: You are in touch with the powers of death.
                  | [Mummy growth]
   469 | D:1      | Reached XP level 3. HP: 25/29 MP: 3/3
   877 | D:2      | Noticed Natasha
   891 | D:2      | Slain by Natasha

Illustrated notes

Levels and vault maps discovered:
D:1:      wander_arrival_desolate, layout_rooms, lexackson_kobold_supper
D:2:      layout_loops_ring, uniq_natasha, uniq_terence

Skill      XL: |  1  2 |
---------------+-------+-----
Short Blades   | 2 |  2.6
Dodging        | 1 |  1.2
Fighting       | |  3.0
Armour         | |  2.4
Shields        | |  2.4

Action                     || total
---------------------------++-------
  Melee: Rapier            ||    24
         Short sword       ||   128
 Armour: Scale mail        ||    54
  Dodge: Dodged            ||    46
  Block: Buckler           ||    34

Table legend: (Time is in decaauts)
 A = Elapsed time spent in this place.
 B = Non-inter-level travel time spent in this place.
 C = Inter-level travel time spent in this place.
 D = Time resting spent in this place.
 E = Time spent auto-exploring this place.
 F = Levels seen in this place.
 G = Mean time per level.
                   A        B        C        D        E       F      G
               +--------+--------+--------+--------+--------+-----+--------+
         Total |    882 |    872 |     10 |     14 |    549 |   2 |  441.0 |
       Dungeon |    882 |    872 |     10 |     14 |    549 |   2 |  441.0 |
               +--------+--------+--------+--------+--------+-----+--------+

Top non-repeatable levels by time:
     D:1: 767 daAuts
     D:2: 114 daAuts
